Map: Chantier naval orbital

Players

barokHD - Winner!

  • Race: Protoss Protoss
  • League: Diamond

Mammuht

  • Race: Zerg Zerg
  • League: Diamond

VOD

Have the link to the VOD?

Description

Time

  • Played on: Jan. 27, 2016, 10:42 a.m.
  • Length: 10:22
Show
View Real Time Build Order
Export as new Build Order

barokHD Protoss - Winner!

Build Orders: 1 Gate Expand 

Get SALT Encoding   

  12  0:01  Probe (Chrono Boost)  
  13  0:12  Probe (Chrono Boost)  
  14  0:17  Pylon  
  14  0:22  Probe (Chrono Boost)  
  16  0:35  Probe (Chrono Boost)  
  16  0:41  Gateway  
  16  0:46  Probe (Chrono Boost)  
  17  0:50  Assimilator  
  17  0:57  Probe (Chrono Boost)  
  18  1:07  Probe (Chrono Boost)  
  19  1:22  Nexus  
  19  1:35  Probe (Chrono Boost)  
  19  1:37  Cybernetics Core  
  20  1:41  Assimilator  
  20  1:45  Probe (Chrono Boost)  
  21  1:56  Probe (Chrono Boost)  
  21  2:00  Pylon  
  22  2:07  Probe (Chrono Boost)  
  23  2:14  Warp Gate  
  23  2:19  Probe (Chrono Boost)  
  24  2:24  Adept  
  24  2:29  Probe (Chrono Boost)  
  27  2:39  Probe (Chrono Boost)  
  27  2:40  Probe (Chrono Boost)  
  29  2:49  Probe (Chrono Boost)  
  29  2:50  Probe (Chrono Boost)  
  31  3:00  Probe (Chrono Boost)  
  31  3:01  Probe (Chrono Boost)  
  33  3:09  Stargate  
  33  3:10  Probe (Chrono Boost)  
  33  3:11  Probe (Chrono Boost)  
  33  3:12  Sentry (Chrono Boost)  
  37  3:19  Probe (Chrono Boost)  
  37  3:22  Probe  
  39  3:30  Probe  
  40  3:34  Probe  
  40  3:40  Probe  
  41  3:44  Nexus  
  41  3:45  Pylon  
  41  3:46  Sentry (Chrono Boost), Mothership Core  
  41  3:47  Pylon  
  46  4:00  Pylon  
  46  4:01  Probe  
  46  4:03  Phoenix (Chrono Boost)  
  49  4:12  Probe x2  
  51  4:22  Assimilator  
  51  4:23  Probe  
  51  4:24  Probe  
  51  4:26  Phoenix (Chrono Boost)  
  51  4:27  Assimilator  
  55  4:33  Probe  
  55  4:36  Probe, Pylon  
  57  4:42  Pylon  
  57  4:44  Probe  
  58  4:47  Phoenix (Chrono Boost)  
  58  4:51  Robotics Facility  
  60  4:56  Probe  
  60  4:57  Probe x2  
  63  5:02  Gateway  
  63  5:04  Gateway  
  63  5:07  Probe  
  63  5:12  Phoenix (Chrono Boost)  
  66  5:16  Probe  
  67  5:22  Probe x2  
  67  5:28  Probe  
  70  5:29  Gateway  
  70  5:32  Pylon  
  70  5:33  Probe, Pylon  
  70  5:35  Probe  
  71  5:38  Phoenix (Chrono Boost)  
  71  5:40  Probe, Immortal  
  79  5:52  Probe  
  79  5:53  Probe  
  81  5:58  Pylon  
  81  6:00  Stalker  
  81  6:01  Stalker x2  
  87  6:09  Twilight Council  
  87  6:11  Forge  
  87  6:16  Forge  
  87  6:24  Immortal  
  91  6:26  Adept  
  91  6:27  Adept x2  
  91  6:28  Probe x2  
  91  6:30  Probe  
  100  6:38  Assimilator  
  100  6:39  Probe x2  
  100  6:40  Pylon  
  100  6:42  Probe, Pylon, Assimilator  
  103  6:49  Probe  
  104  7:11  Stalker x3  
  110  7:16  Protoss Ground Weapons Level 1 (Chrono Boost), Protoss Ground Armor Level 1 (Chrono Boost)  
  110  7:17  Immortal, Phoenix (Chrono Boost)  
  110  7:21  Probe x2  
  117  7:22  Probe  
  119  7:32  Gateway x2  
  119  7:33  Charge (Chrono Boost)  
  119  7:35  Probe, Gateway  
  120  7:38  Zealot  
  120  7:39  Zealot x2  
  120  7:40  Phoenix  
  128  7:44  Dark Shrine  
  128  7:53  Pylon  
  128  7:54  Pylon  
  128  7:57  Stalker, Pylon  
  130  7:59  Immortal  
  134  8:11  Zealot  
  135  8:12  Zealot x2  
  139  8:40  Nexus  
  139  8:42  Pylon  
  139  8:45  Adept x4, Pylon  
  139  8:46  Adept x2, Pylon  
  139  8:47  Pylon  
  150  8:53  Immortal  
  154  9:11  Dark Templar x7  
  168  9:22  Archon x3  
  168  9:31  Warp Prism  
  170  9:45  Dark Templar x7  
  182  9:51  Probe x2  
  186  9:53  Photon Cannon x2  
  186  9:58  Photon Cannon  
  186  9:59  Photon Cannon  
Show
View Real Time Build Order
Export as new Build Order

Mammuht Zerg 

Build Orders: 3 Hatch before Pool 

Get SALT Encoding   

  12  0:05  Drone  
  13  0:13  Overlord  
  13  0:17  Drone  
  14  0:31  Drone x2  
  16  0:38  Drone  
  17  0:49  Drone  
  18  1:01  Hatchery, Drone  
  18  1:23  Hatchery  
  17  1:25  Drone  
  17  1:30  Extractor  
  17  1:41  Spawning Pool  
  17  1:46  Drone  
  17  1:49  Drone x2  
  19  1:58  Overlord  
  19  2:08  Drone  
  20  2:14  Drone  
  21  2:22  Drone  
  22  2:32  Queen  
  22  2:33  Queen  
  26  2:46  Drone  
  26  2:48  Overlord  
  26  2:49  Queen  
  29  2:52  Zergling x2  
  29  2:56  Zergling x2  
  31  3:01  Zergling x4  
  31  3:05  Extractor  
  32  3:23  Metabolic Boost  
  32  3:25  Extractor  
  32  3:26  Spore Crawler  
  30  3:29  Spore Crawler  
  30  3:33  Drone x2  
  31  3:35  Drone  
  31  3:36  Drone x2  
  34  3:43  Zergling x4  
  34  3:46  Drone  
  37  3:49  Drone  
  37  3:55  Drone  
  39  3:57  Drone  
  39  4:01  Drone x2  
  42  4:10  Drone x3  
  42  4:13  Drone  
  42  4:14  Drone  
  47  4:21  Evolution Chamber  
  46  4:25  Lair  
  46  4:29  Evolution Chamber  
  45  4:32  Drone  
  45  4:37  Drone x3  
  49  4:39  Drone  
  49  4:43  Overlord  
  50  4:46  Overlord  
  50  4:54  Extractor  
  50  4:55  Spore Crawler, Drone, Extractor  
  50  4:58  Drone  
  49  5:07  Drone  
  49  5:08  Drone x3  
  49  5:10  Overlord  
  53  5:14  Drone  
  53  5:15  Drone  
  55  5:22  Drone x3  
  55  5:23  Drone x2  
  55  5:28  Spire  
  58  5:30  Drone  
  58  5:35  Drone x3  
  61  5:38  Drone  
  61  5:40  Drone  
  61  5:42  Drone  
  65  5:56  Spore Crawler  
  64  5:57  Spore Crawler  
  63  6:05  Drone  
  63  6:06  Spore Crawler  
  63  6:11  Drone  
  64  6:13  Spore Crawler, Zerg Ground Armor Level 1, Zerg Melee Weapons Level 1  
  64  6:14  Drone  
  64  6:21  Spore Crawler  
  62  6:27  Spore Crawler, Overlord x2  
  62  6:28  Overlord x3  
  62  6:31  Extractor x2  
  59  6:37  Drone  
  59  6:39  Drone x2  
  62  6:41  Hatchery, Drone  
  62  6:45  Drone x3  
  62  6:46  Drone  
  66  6:49  Zergling x12  
  72  6:56  Zergling x16  
  80  7:02  Zergling x2  
  80  7:04  Zergling x2  
  80  7:06  Zergling x2  
  83  7:17  Extractor  
  83  7:19  Drone  
  83  7:24  Zergling x12  
  83  7:25  Overlord, Infestation Pit  
  83  7:26  Drone x2  
  83  7:28  Hatchery  
  89  7:33  Drone  
  90  7:48  Drone  
  90  7:51  Drone x3  
  92  7:54  Drone  
  92  7:55  Drone x4  
  92  7:56  Drone x2  
  101  8:01  Drone  
  101  8:02  Drone x2  
  101  8:03  Drone  
  105  8:09  Spore Crawler, Overlord x2  
  105  8:10  Overlord, Drone  
  105  8:28  Extractor  
  105  8:29  Overlord x2  
  105  8:31  Extractor  
  105  8:32  Spore Crawler  
  105  8:33  Spore Crawler  
  101  8:36  Hive  
  101  8:43  Drone  
  101  8:46  Drone  
  103  9:04  Pneumatized Carapace  
  103  9:06  Drone  
  103  9:17  Infestor x4  
  103  9:18  Infestor x3  
  103  9:23  Pathogen Glands  
  117  9:24  Zergling x8  
  117  9:25  Drone, Zergling x24  
  117  9:26  Drone  
  134  9:31  Spine Crawler  
  134  9:32  Spine Crawler  
  134  9:36  Spine Crawler  
  134  9:38  Drone  
  132  9:47  Zergling x16  
  132  9:48  Zergling x10  
  132  9:49  Overseer  
  145  10:03  Zergling x12  
  145  10:04  Overlord  
Tags
 
Add a new tag
Caveats
  • Supply blocks, unpowered buildings, or Contaminate may cause inaccurate times.
  • Supply counts are checked every 10 seconds.